 Dungeon Crawl Stone Soup version 0.12.2-18-gb8c16a5 (webtiles) character file.

23307 Gabry the Blocker (level 12, -14/103 HPs)
             Began as a Minotaur Fighter on Aug 18, 2013.
             Was the Champion of Okawaru.
             Blown up by Protee's ghost (30 damage)
             ... with a wavering orb of destruction
             ... on Level 14 of the Dungeon on Aug 19, 2013.
             The game lasted 02:15:17 (13875 turns).

Gabry the Blocker (Minotaur Fighter)               Turns: 13875, Time: 02:15:19

HP -14/103       AC 30     Str 29      XL: 12   Next: 59%
MP   0/6         EV  5     Int  6      God: Okawaru [******]
Gold 16          SH 46     Dex 15      Spells:  0 memorised, 11 levels left

Res.Fire  : . . .   See Invis. : .   h - +6,+4 scimitar of the Spectre {freeze, Str Res.Cold : . . . Warding : . E - +2 orc plate armour Life Prot.: . . . Conserve : . b - +2 large shield {AC+3}
Res.Poison: .       Res.Corr.  : .   x - +2 wizard hat
Res.Elec. : .       Clarity    : .   e - +2 cloak {darkness}
Sust.Abil.: . .     Spirit.Shd : +   D - +2 pair of gauntlets
Res.Mut.  : .       Stasis     : .   o - +0 pair of boots
Res.Rott. : .       Ctrl.Telep.: .   y - amulet of guardian spirit
Saprovore : . . .   Flight     : .   a - ring of regeneration
                                     t - ring of sustenance

@: mighty, hasted, very quick, somewhat resistant to hostile enchantments,
extremely unstealthy
A: retaliatory headbutt, horns 2, Str +1, Int +1
a: Heroism, Finesse, Renounce Religion, Evoke Invisibility


You were on level 14 of the Dungeon.
You worshipped Okawaru.
Okawaru was exalted by your worship.
You were not hungry.

You visited 3 branches of the dungeon, and saw 16 of its levels.

You collected 1000 gold pieces.
You spent 1004 gold pieces at shops.

Inventory:

Hand weapons
 h - the +6,+4 scimitar of the Spectre (weapon) {freeze, Str+2}
   (Okawaru gifted it to you on level 10 of the Dungeon)

   It has been specially enchanted to freeze those struck by it, causing extra
   injury to most foes and up to double damage against particularly susceptible
   opponents.
   It can also slow down cold-blooded creatures.
   It affects your strength (+2).
 p - a +7,+5 flail of holy wrath
 r - a +5,+1 dwarven crossbow of frost
 P - a +6,+8 spear of returning (quivered)
Armour
 b - a +2 large shield of protection (worn)
 e - a +2 cloak of darkness (worn)
 o - a +0 pair of boots (worn)
 x - a +2 wizard hat (worn)
 D - a +2 pair of gauntlets (worn)
 E - a +2 orcish plate armour (worn)
 F - the +1 ring mail "Chenwore" {Str+4 Stlth++}
   (You bought it in a shop on level 11 of the Dungeon)

   It affects your strength (+4).
   It makes you much more stealthy.
 I - a +2 orcish ring mail of cold resistance
Magical devices
 g - a wand of confusion (10)
 i - a wand of confusion (15)
 s - a wand of magic darts (15)
 A - a wand of fire (3)
 C - a wand of paralysis (8)
 H - a wand of confusion (15)
 J - a wand of disintegration (10) {unknown}
 V - a wand of magic darts (13)
Comestibles
 c - a choko
 d - 13 bread rations
 G - 2 meat rations
Scrolls
 k - a scroll of fog
 z - a scroll of magic mapping
 B - a scroll of acquirement {unknown}
 K - 4 scrolls of remove curse
Jewellery
 a - a ring of regeneration (right hand)
 j - an uncursed ring of sustain abilities
 n - an uncursed amulet of the gourmand
 t - a ring of sustenance (left hand)
 y - an amulet of guardian spirit (around neck)
Potions
 f - a potion of curing
 l - 2 potions of restore abilities
 m - a potion of magic
Books
 q - a book of Maledictions

   Spells                             Type                      Level
   Corona                             Hexes                        1
   Sure Blade                         Hexes/Charms                 2
   Ensorcelled Hibernation            Hexes/Ice                    2
   Confuse                            Hexes                        3
   Enslavement                        Hexes                        4
   Invisibility                       Hexes                        6
 v - a book of Power

   Spells                             Type                      Level
   Iskenderun's Mystic Blast          Conjuration                  4
   Venom Bolt                         Conjuration/Poison           5
   Bolt of Magma                      Conjuration/Fire/Earth       5
   Poisonous Cloud                    Conjuration/Poison/Air       6
   Iron Shot                          Conjuration/Earth            6
   Orb of Destruction                 Conjuration                  7
 R - An Introduction to Theurgy
   (You found it on level 6 of the Dungeon)

   Spells                             Type                      Level
   Sting                              Conjuration/Poison           1
   Shock                              Conjuration/Air              1
   Magic Dart                         Conjuration                  1
   Confusing Touch                    Hexes                        1
   Apportation                        Translocation                1


   Skills:
 + Level 10.4 Fighting
 * Level 11.7 Long Blades
 - Level 9.9 Maces & Flails
 + Level 10.5 Armour
 + Level 7.2 Dodging
 + Level 1.0 Stealth
 + Level 0.3 Stabbing
 + Level 15.4 Shields
 + Level 2.4 Traps
 + Level 1.4 Evocations


You had 11 spell levels left.
You didn't know any spells.

Dungeon Overview and Level Annotations

Branches:
Dungeon (14/27)            Temple (1/1) D:6             Orc (0/4) D:11
   Lair (1/8) D:8

Altars:
Ashenzari
Cheibriados
Elyvilon
Fedhas
Kikubaaqudgha
Makhleb
Nemelex Xobeh
Okawaru
Sif Muna
Trog
Vehumet
Xom
Yredelemnul
Zin
the Shining One

Shops:
D:5: ? D:7: ! D:9: + D:11: ([

Annotations
D:3 Eustachio
D:14 Protee's ghost, powerful DsWz
Lair:1 exclusion: oklob plant


Innate Abilities, Weirdness & Mutations

You reflexively headbutt those who attack you in melee.
You have a pair of horns on your head.
Your mind is acute (Int +1).
Your muscles are strong (Str +1).


Message History

Drink which item? (? for menu, Esc to quit)
You feel yourself speed up.
You block the rock worm zombie's attack.
Protee's ghost conjures a glowing orb.
The wavering orb of destruction weakly hits you!
* * * LOW HITPOINT WARNING * * *
Drink which item? (? for menu, Esc to quit)
You feel better.
You block the rock worm zombie's attack.
You block Protee's ghost's attack.
You hit Protee's ghost but do no damage.
Your headbutt misses Protee's ghost.
Protee's ghost is heavily damaged.
You slash Protee's ghost! You freeze Protee's ghost.
Protee's ghost is severely damaged.
The rock worm zombie bites you.
* * * LOW HITPOINT WARNING * * *
Protee's ghost conjures a glowing orb.
The wavering orb of destruction weakly hits you!
You die... #.#########....... #§§.......#.#..... #§#######.#.#.#### #.# ###.#....... #.# #........... #.# #......####. #§# #......# #. #§# #......####( #@# #......#>... #pZ

#......#.... #r#
#..........< ......§uu#
##......#...# .....ru§r
..............
.......r#########.#..#.#
..≈≈.(... ......#.#
..≈....# ###.#..#.#
≈≈≈...# #.#..#.#


You could see 2 ugly things, Protee's ghost, a rock worm zombie and a quokka.

Vanquished Creatures
  Erica (D:11)
  Josephine (D:13)
  Urug (D:13)
  The ghost of hurdos the Cleaver, an experienced DDFi of Makhleb (D:7)
  2 unseen horrors
  3 hill giants
  Pikel (D:9)
  Joseph (D:7)
  A guardian serpent (D:11)
  Maurice (D:9)
  2 cyclopes
  An eye of devastation (D:13)
  A feature mimic (Lair:1)
  Psyche (D:9)
  2 hill giant zombies (D:13)
  2 hill giant skeletons
  10 ugly things
  2 trolls
  2 two-headed ogres
  A grizzly bear (Lair:1)
  2 wyverns
  15 yaks
  3 sharks (D:10)
  Grum (D:9)
  4 war dogs
  A hippogriff (D:9)
  Edmund (D:4)
  A wyvern zombie (D:7)
  2 cyclops zombies
  2 manticores
  4 sky beasts
  A komodo dragon skeleton (D:11)
  A soldier ant (D:13)
  6 ogres
  7 orc warriors
  4 slaves (D:9)
  5 phantoms
  A wyvern skeleton (D:13)
  3 ice beasts
  A crocodile (D:11)
  6 centaurs
  A yak skeleton (D:13)
  4 giant goldfish
  Sigmund (D:5)
  Duvessa (D:6)
  2 big kobolds
  3 water moccasins
  12 giant frogs
  A two-headed ogre zombie (D:8)
  A gnoll sergeant (D:6)
  An agate snail (Lair:1)
  2 giant frog skeletons
  A basilisk skeleton (D:13)
  6 killer bees (D:13)
  An eye of draining (D:13)
  2 jellyfish (D:10)
  8 crimson imps
  A quasit (D:12)
  Dowan (D:6)
  4 goliath beetles
  A mottled dragon skeleton (D:13)
  6 hounds
  6 iguanas
  12 orc wizards
  8 big fish (D:9)
  4 orc priests
  2 shadows (D:11)
  7 worker ants
  A worker ant zombie (D:9)
  7 scorpions
  3 jellies
  A goliath beetle zombie (D:7)
  A mummy (D:12)
  11 gnolls
  12 adders
  A green rat (D:4)
  A lemure (D:4)
  2 giant mites
  An adder skeleton (D:7)
  5 giant centipedes
  A giant centipede zombie (D:13)
  A shadow imp (D:3)
  4 worms
  An ufetubus (D:4)
  2 grey rats
  A bat skeleton (D:5)
  3 giant geckos
  A gnoll skeleton (D:3)
  An ooze (D:7)
  33 orcs
  17 bats
  10 giant cockroaches
  7 goblins
  13 hobgoblins
  4 jackals
  20 kobolds
  10 quokkas
  2 ball pythons
  5 giant newts
  A hobgoblin skeleton (D:5)
  A kobold zombie (D:5)
  2 orc zombies
  16 rats
  A rat zombie (D:5)
  3 plants (D:7)
413 creatures vanquished.

Vanquished Creatures (others)
  2 kobolds
  A quokka (D:14)
  3 bats (D:14)
  A goblin (D:2)
  A rat (D:14)
  A plant (D:7)
9 creatures vanquished.

Grand Total: 422 creatures vanquished

Notes
Turn   | Place    | Note
--------------------------------------------------------------
     0 | D:1      | Gabry, the Minotaur Fighter, began the quest for the Orb.
     0 | D:1      | Reached XP level 1. HP: 19/19 MP: 0/0
   347 | D:1      | Reached XP level 2. HP: 26/26 MP: 0/0
   507 | D:2      | Reached skill level 4 in Armour
   719 | D:2      | Reached XP level 3. HP: 33/33 MP: 1/1
   811 | D:2      | Reached skill level 1 in Dodging
  1359 | D:3      | Reached XP level 4. HP: 38/40 MP: 1/1
  1692 | D:3      | Found an iron altar of Okawaru.
  1768 | D:3      | Became a worshipper of Warmaster Okawaru
  2205 | D:4      | Reached XP level 5. HP: 32/46 MP: 1/1
  2311 | D:4      | Noticed Eustachio
  3128 | D:4      | Noticed Edmund
  3181 | D:4      | Killed Edmund
  3181 | D:4      | Reached skill level 5 in Armour
  3181 | D:4      | Reached skill level 5 in Shields
  3181 | D:4      | Reached XP level 6. HP: 43/53 MP: 2/2
  3352 | D:5      | Entered Level 5 of the Dungeon
  3358 | D:5      | Found Styet's Magic Scroll Shop.
  3372 | D:5      | Bought a scroll of enchant weapon II for 71 gold pieces
  3372 | D:5      | Bought a scroll of enchant weapon II for 71 gold pieces
  3372 | D:5      | Bought a scroll of enchant weapon I for 71 gold pieces
  3656 | D:5      | Acquired Okawaru's first power
  3681 | D:5      | Found a snail-covered altar of Cheibriados.
  4081 | D:5      | Noticed Sigmund
  4106 | D:5      | Killed Sigmund
  4106 | D:5      | Reached skill level 6 in Shields
  4106 | D:5      | Reached XP level 7. HP: 52/59 MP: 2/2
  4261 | D:5      | Reached skill level 1 in Traps
  4686 | D:6      | Reached skill level 5 in Maces & Flails
  4757 | D:6      | Reached XP level 8. HP: 67/67 MP: 2/2
  4827 | D:6      | Reached skill level 5 in Fighting
  4835 | D:6      | Reached skill level 7 in Shields
  4856 | D:6      | Found a staircase to the Ecumenical Temple.
  4980 | D:6      | Got a sparkling book
  5002 | D:6      | Noticed Duvessa
  5002 | D:6      | Noticed Dowan
  5039 | D:6      | Killed Duvessa
  5060 | D:6      | Killed Dowan
  5171 | Temple   | Entered the Ecumenical Temple
  5674 | D:6      | Paralysed by an orc warrior for 3 turns
  5680 | D:6      | Paralysed by an orc warrior for 6 turns
  5956 | D:7      | Found Tymeddij's Distillery.
  5982 | D:7      | Reached skill level 8 in Shields
  5987 | D:7      | Reached XP level 9. HP: 60/74 MP: 3/3
  6139 | D:7      | Bought a potion of heal wounds for 30 gold pieces
  6274 | D:7      | Noticed Joseph
  6292 | D:7      | Killed Joseph
  6292 | D:7      | Reached skill level 9 in Shields
  6548 | D:7      | Noticed hurdos' ghost (experienced DDFi)
  6582 | D:7      | Killed hurdos' ghost
  6582 | D:7      | Reached skill level 10 in Shields
  7103 | D:8      | Reached XP level 10. HP: 78/83 MP: 3/3
  7200 | D:8      | Found a staircase to the Lair.
  7233 | D:8      | Reached skill level 5 in Dodging
  7673 | Lair:1   | Entered Level 1 of the Lair of Beasts
  7726 | Lair:1   | Reached skill level 11 in Shields
  7729 | Lair:1   | Acquired Okawaru's second power
  7858 | D:8      | Identified An Introduction to Theurgy (You found it on level 6 of the Dungeon)
  8238 | Lair:1   | Noticed an oklob plant
  8239 | Lair:1   | Found a glowing silver altar of Zin.
  8492 | D:7      | Bought a potion of gain strength for 350 gold pieces
  8493 | D:7      | Gained mutation: Your muscles are strong (Str +1). [potion of gain strength]
  8572 | D:9      | Noticed Maurice
  8579 | D:9      | Noticed Grum
  8611 | D:9      | Noticed Psyche
  8627 | D:10     | Entered Level 10 of the Dungeon
  8642 | D:10     | Reached skill level 1 in Stealth
  8890 | D:10     | Reached skill level 12 in Shields
  9056 | D:10     | HP: 2/84 [electric eel/bolt of electricity (11)]
  9285 | D:10     | Received a gift from Okawaru
  9296 | D:10     | Got a polished scimitar {god gift}
  9297 | D:10     | Identified the scimitar of the Spectre {god gift, freeze, Str+2} (Okawaru gifted it to you on level 10 of the Dungeon)
  9329 | D:10     | Reached XP level 11. HP: 73/92 MP: 3/3
  9336 | D:10     | Noticed a hill giant
  9347 | D:10     | Killed a hill giant
  9458 | D:10     | Reached skill level 1 in Long Blades
  9719 | D:10     | Reached skill level 13 in Shields
 10020 | D:9      | Noticed Pikel
 10045 | D:9      | Killed Pikel
 10047 | D:9      | Received a gift from Okawaru
 10112 | D:9      | Killed Grum
 10318 | D:9      | Killed Psyche
 10501 | D:9      | Killed Maurice
 10538 | D:9      | Reached skill level 5 in Long Blades
 10685 | D:9      | Found Camosul's Book Shoppe.
 11134 | D:11     | Noticed Erica
 11139 | D:11     | Found Kloacep's Armour Shoppe.
 11174 | D:11     | Killed Erica
 11218 | D:11     | Found a staircase to the Orcish Mines.
 11264 | D:11     | Found Tabroral's Weapon Shoppe.
 11441 | D:11     | Reached skill level 14 in Shields
 11515 | D:11     | Received a gift from Okawaru
 11558 | D:11     | Noticed a seven-headed hydra
 11787 | D:11     | Killed an unseen horror
 11787 | D:11     | Reached skill level 10 in Armour
 11787 | D:11     | Reached skill level 1 in Evocations
 11792 | D:11     | Reached XP level 12. HP: 81/102 MP: 6/6
 12623 | D:13     | Noticed Josephine
 12634 | D:13     | Killed Josephine
 12634 | D:13     | Reached skill level 10 in Fighting
 12715 | D:13     | Reached skill level 10 in Long Blades
 12852 | D:13     | Reached skill level 15 in Shields
 13195 | D:13     | Noticed Urug
 13205 | D:13     | Killed Urug
 13295 | D:13     | Received a gift from Okawaru
 13503 | D:11     | Bought the +1 ring mail "Chenwore" {Str+4 Stlth++} for 411 gold pieces
 13690 | D:13     | Gained mutation: Your mind is acute (Int +1). [potion of gain intelligence]
 13732 | D:14     | Entered Level 14 of the Dungeon
 13802 | D:14     | Noticed Protee's ghost (powerful DsWz)
 13875 | D:14     | Blown up by Protee's ghost

Action                   |  1- 3 |  4- 6 |  7- 9 | 10-12 || total
-------------------------+-------+-------+-------+-------++-------
Melee: Mace              |    70 |   185 |       |       ||   255
       Flail             |       |    48 |   392 |   249 ||   689
       Scimitar          |       |       |       |   718 ||   718
Evoke: Wand              |       |       |       |    14 ||    14
  Use: Scroll            |     4 |    11 |    11 |    16 ||    42
       Potion            |     1 |     2 |     1 |    21 ||    25
 Stab: Distracted        |       |       |     1 |       ||     1
